 Dungeon Crawl Stone Soup version 0.28.0-45-g0d030f2227 (webtiles) character file.

Game seed: 9112417548188157431

1090 NinjaNoafa the Skirmisher (level 8, -1/70 HPs)
             Began as a Hill Orc Fighter on Apr 13, 2022.
             Was an Initiate of Beogh.
             Killed by an exploding ice beast (28 damage)
             ... ignited by their inner flame
             ... on level 6 of the Dungeon.
             The game lasted 00:13:57 (6359 turns).

NinjaNoafa the Skirmisher (Hill Orc Fighter)        Turns: 6359, Time: 00:13:58

Health: -1/70      AC: 19    Str: 21    XL:     8   Next: 31%
Magic:  9/9        EV:  6    Int:  8    God:    Beogh [......]
Gold:   120        SH:  5    Dex: 10    Spells: 7/7 levels left

rFire   . . .      SeeInvis .   j - +2 dagger (speed)
rCold   . . .      Faith    .   c - +0 buckler
rNeg    . . .      Spirit   .   k - +0 plate armour
rPois   .          Reflect  .   (no helmet)
rElec   .          Harm     .   r - +2 cloak {Stlth+}
rCorr   .          Rampage  .   h - +0 pair of gloves
Will    .....                   (no boots)
Stlth   ..........              (no amulet)
HPRegen 0.21/turn               i - ring of wizardry
MPRegen 0.11/turn               (no ring)

@: no status effects
A: iridescent scales 1
a: Renounce Religion


You were on level 6 of the Dungeon.
You worshipped Beogh.
Beogh was noncommittal.
You visited 2 branches of the dungeon, and saw 7 of its levels.

You collected 120 gold pieces.

Inventory:

Hand Weapons
 a - a +3 quarterstaff of chaos
 j - a +2 dagger of speed (weapon)
 m - a +0 war axe
 n - a +0 whip of venom
Missiles
 e - 99 stones
 q - 4 javelins
 u - 7 poisoned darts (quivered)
Armour
 b - a +0 scale mail
 c - a +0 buckler (worn)
 h - a +0 pair of gloves (worn)
 k - a +0 plate armour (worn)
 r - a +2 cloak of stealth (worn)
Magical Staves
 s - a staff of earth
Jewellery
 i - a ring of wizardry (left hand)
Wands
 l - a wand of digging (4)
Scrolls
 g - a scroll of fear
 p - a scroll of magic mapping
 v - a scroll of silence
Potions
 d - a potion of lignification
 f - a potion of brilliance


   Skills:
 - Level 6.3 Fighting
 - Level 3.3 Short Blades
 - Level 2.9 Axes
 * Level 1.8 Staves
 - Level 1.0 Throwing
 + Level 6.2 Armour
 - Level 0.4 Dodging
 - Level 0.1 Stealth
 - Level 5.0 Shields
 - Level 1.6 Earth Magic
 * Level 2.6 Invocations
 - Level 1.5 Evocations


You had 7 spell levels left.
You didn't know any spells.
Your spell library was empty.

Dungeon Overview and Level Annotations

Branches:
Dungeon (6/15)             Temple (1/1) D:5

Altars:
Ashenzari
Elyvilon
Kikubaaqudgha
Nemelex Xobeh
Qazlal
Sif Muna
Trog
Vehumet
Xom
Yredelemnul
Zin
The Shining One

Shops:
D:3 *


Innate Abilities, Weirdness & Mutations

You are partially covered in iridescent scales. (AC +2)


Message History

The water moccasin is almost dead.
You feel sick.
You feel sick.
The water moccasin bites you but does no damage.
You feel sick.
Really read the scroll of immolation?
As you read the scroll of immolation, it crumbles to dust.
The creatures around you are filled with an inner flame!
You feel sick. The water moccasin barely misses you.
The ice beast hits you but does no damage.
You feel sick. You block the water moccasin's attack.
Found a dagger.
You feel sick.
You feel sick.
Found a potion of cancellation.
You feel sick.
The water moccasin bites you but does no damage.
Throw: 8 darts (poison)
Press: ? - help, Q - select action, (/) - cycle Shift-Dir - straight line, f - water moccasin
Aim: a water moccasin (almost dead, inner flame, 40% to hit)
Okay, then.
Throw: 8 darts (poison)
Press: ? - help, Q - select action, (/) - cycle Shift-Dir - straight line, f - water moccasin
Aim: a water moccasin (almost dead, inner flame, 40% to hit)
You throw a poisoned dart.
The poisoned dart closely misses the water moccasin.
You feel sick.
You are no longer poisoned.
The ice beast barely misses you.
The water moccasin bites you but does no damage.
You hit the water moccasin.
Flame seeps out of the water moccasin.
The water moccasin is almost dead.
The water moccasin is engulfed in blazing flames.
Beogh accepts your kill.
The water moccasin explodes!
The fiery explosion engulfs the ice beast!!!
The ice beast melts!
Beogh accepts your kill. The fiery explosion engulfs you!
The ice beast explodes!
The fiery explosion engulfs you!!
You die...

.............!.
...............
....)..........
................
................
................
................
......§§@§......
.......§○§......
......§§§§......
.......<........
................
................
................
........(.......
................


There were no monsters in sight!

Vanquished Creatures
  A water moccasin (D:6)
  An ice beast (D:6)
  2 centaurs (D:5)
  A phantom (D:4)
  A scorpion (D:5)
  A water moccasin skeleton (D:5)
  A bullfrog zombie (D:5)
  A centaur zombie (D:5)
  A hound (D:4)
  4 jellies
  Crazy Yiuf (D:5)
  A bullfrog skeleton (D:5)
  A centaur skeleton (D:3)
  4 iguanas
  Ijyb (D:4)
  Natasha (thrice) (D:2)
  4 orc wizards
  A hound skeleton (D:4)
  4 adders
  A howler monkey skeleton (D:5)
  An adder skeleton (D:4)
  2 worms
  3 dart slugs
  5 orcs
  8 bats
  6 endoplasms
  4 giant cockroaches
  7 goblins
  7 hobgoblins
  2 jackals (D:1)
  5 kobolds
  8 quokkas
  7 ball pythons
  3 frilled lizards
  4 rats
107 creatures vanquished.

Vanquished Creatures (others)
  An orc priest (D:5)
  2 orc wizards (D:5)
  An adder (D:5)
  4 orcs (D:5)
  3 fungi (D:5)
  2 plants (D:4)
13 creatures vanquished.

Grand Total: 120 creatures vanquished

Notes
Turn   | Place    | Note
-------+----------+-------------------------------------------
     0 | D:1      | NinjaNoafa the Hill Orc Fighter began the quest for the
                  | Orb.
     0 | D:1      | Reached XP level 1. HP: 19/19 MP: 1/1
   366 | D:1      | Reached XP level 2. HP: 27/27 MP: 2/2
   753 | D:1      | Reached XP level 3. HP: 33/33 MP: 3/3
  1123 | D:1      | Reached skill level 1 in Short Blades
  1249 | D:2      | Gained mutation: You sometimes lose the ability to read
                  | scrolls when taking damage. [potion of mutation]
  1249 | D:2      | Lost mutation: You sometimes lose the ability to read
                  | scrolls when taking damage. [potion of mutation]
  1249 | D:2      | Gained mutation: Your mind is acute. (Int +2) [potion of
                  | mutation]
  1466 | D:2      | Noticed Natasha
  1470 | D:2      | Reached XP level 4. HP: 40/40 MP: 4/4
  1478 | D:2      | Killed Natasha
  1549 | D:2      | Noticed Natasha
  1558 | D:2      | Killed Natasha
  1575 | D:2      | Noticed Natasha
  1595 | D:2      | Killed Natasha
  1596 | D:2      | Reached XP level 5. HP: 25/47 MP: 5/5
  1598 | D:2      | Lost mutation: Your mind is acute. (Int +2) [potion of
                  | mutation]
  1598 | D:2      | Gained mutation: You have sharp toenails. [potion of
                  | mutation]
  1598 | D:2      | Lost mutation: You have sharp toenails. [potion of
                  | mutation]
  1598 | D:2      | Gained mutation: You are partially covered in iridescent
                  | scales. (AC +2) [potion of mutation]
  1873 | D:2      | You fall into a shaft and drop 1 floor!
  2058 | D:3      | Found Teuqarr's General Store.
  2084 | D:3      | Reached XP level 6. HP: 51/55 MP: 6/6
  2173 | D:3      | Reached skill level 5 in Fighting
  2879 | D:4      | Noticed Ijyb
  2921 | D:4      | Killed Ijyb
  3200 | D:4      | Reached XP level 7. HP: 46/61 MP: 7/7
  3347 | D:4      | Reached skill level 1 in Staves
  3347 | D:4      | Reached skill level 1 in Earth Magic
  3347 | D:4      | Reached skill level 1 in Evocations
  4270 | D:5      | Entered Level 5 of the Dungeon
  4284 | D:5      | Reached skill level 5 in Shields
  4330 | D:5      | Reached skill level 5 in Armour
  4672 | D:5      | Became a worshipper of Beogh the Brigand
  5036 | D:5      | Reached skill level 1 in Invocations
  5036 | D:5      | Reached XP level 8. HP: 57/70 MP: 8/8
  5127 | D:5      | Found a staircase to the Ecumenical Temple.
  5169 | Temple   | Entered the Ecumenical Temple
  6152 | D:5      | Found a runed translucent door.
  6153 | D:5      | Noticed Crazy Yiuf
  6174 | D:5      | Killed Crazy Yiuf
  6175 | D:5      | Reached skill level 1 in Throwing
  6359 | D:6      | Killed by an exploding ice beast... ignited by their inner
                  | flame

Illustrated notes

Levels and vault maps discovered:
D:1:      minmay_arrival_widening_spiral_wide, layout_basic,
          corexii_leaking_fountain, minmay_misc_feat_iff, minmay_split_cup_small
D:2:      layout_rooms, uniq_natasha
D:3:      layout_loops_ring, serial_shops, shop
D:4:      wad_lake_hut, layout_basic, kennysheep_donut, uniq_ijyb
D:5:      layout_loops_ring, minmay_temple_entry_glass, kennysheep_nondescript,
          uniq_crazy_yiuf_cottage
D:6:      layout_basic, minmay_shop_damaged, ebering_dispersal_statue_hall,
          minmay_misc_feat_doors
Temple:   nicolae_temple_hex_pool

Skill      XL: |  1  2  3  4  5  6  7  8 |
---------------+-------------------------+-----
Fighting       | 4 5 6 |  6.3
Short Blades   | 1 2 3 |  3.3
Armour         | 4 6 |  6.2
Shields        | 4 5 |  5.0
Staves         | 1 |  1.8
Earth Magic    | 1 |  1.6
Evocations     | 1 |  1.5
Invocations    | 1 2 |  2.6
Throwing       | 1 |  1.0
Axes           | |  2.9
Dodging        | |  0.4
Stealth        | |  0.1

Action                   |  1- 3 |  4- 6 |  7- 9 || total
-------------------------+-------+-------+-------++-------
Melee: War axe           |    12 |       |       ||    12
       Dagger            |    98 |   223 |   295 ||   616
       Staff             |       |    13 |    23 ||    36
Throw: Javelin           |       |    14 |       ||    14
       Dart              |       |       |     5 ||     5
Invok: Convert to Beogh  |       |       |     1 ||     1
  Use: Potion            |     3 |     5 |     3 ||    11
       Scroll            |     3 |     2 |     8 ||    13
 Stab: Invisible         |     4 |       |       ||     4
Armor: Scale mail        |    31 |    44 |       ||    75
       Plate armour      |       |    48 |   193 ||   241
Dodge: Dodged            |    43 |    63 |    61 ||   167
Block: Buckler           |    26 |    40 |    52 ||   118
